 Dungeon Crawl Stone Soup version 0.24.0-1-gfbc8707 (webtiles) character file.

Game seed: 9850055464919057289, levelgen mode: deterministic

31 Buxparty the Slasher (level 3, -4/28 HPs)
             Began as a Mummy Gladiator on Jan 5, 2020.
             Killed from afar by a goblin (30 damage)
             ... with an exploding inner flame
             ... hexed by the player character
             ... on level 1 of the Dungeon.
             The game lasted 00:02:33 (911 turns).

Buxparty the Slasher (Mummy Gladiator)               Turns: 911, Time: 00:02:33

Health: -4/28      AC:  5    Str: 18    XL:     3   Next: 7%
Magic:  0/3        EV: 12    Int:  7    God:
Gold:   49         SH:  0    Dex:  9    Spells: 2/2 levels left

rFire    x . .     SeeInvis .   a - +0 long sword
rCold    + + .     Gourm    .   (no shield)
rNeg     + + +     Faith    .   b - +0 leather armour
rPois    ∞         Spirit   +   c - +0 helmet
rElec    .         Reflect  .   (no cloak)
rCorr    .         Harm     .   k - +0 pair of gloves
MR       .....                  (no boots)
Stlth    +.........             h - amulet of guardian spirit
HPRegen  0.09/turn              j - ring of protection from cold
MPRegen  0.08/turn              l - -4 ring of dexterity (curse)

@: no status effects
A: no food or potions, fire vulnerability, cold resistance 1, negative energy
resistance 3, torment resistance, unbreathing
a: no special abilities


You were on level 1 of the Dungeon.
You were not hungry.

You visited 1 branch of the dungeon, and saw 1 of its levels.

You collected 49 gold pieces.

Inventory:

Hand Weapons
 a - a +0 long sword (weapon)
 i - a +4 short sword
Missiles
 d - 3 throwing nets (quivered)
Armour
 b - a +0 leather armour (worn)
 c - a +0 helmet (worn)
 k - a +0 pair of gloves (worn)
Jewellery
 h - an amulet of guardian spirit (around neck)
 j - a ring of protection from cold (left hand)
 l - a cursed -4 ring of dexterity (right hand)
Scrolls
 g - a scroll of immolation
 m - a scroll of noise {unknown}


   Skills:
 + Level 2.3 Fighting
 + Level 2.7 Long Blades
 + Level 1.9 Throwing
 + Level 0.7 Armour
 + Level 2.6 Dodging


You had 2 spell levels left.
You didn't know any spells.
Your spell library was empty.

Dungeon Overview and Level Annotations

Branches:
Dungeon (1/15)

Altars:


Innate Abilities, Weirdness & Mutations

You do not eat or drink.
Your flesh is vulnerable to fire.
You are immune to poison.
Your flesh is cold resistant. (rC+)
You are immune to negative energy. (rN+++)
You are immune to unholy pain and torment.
You can survive without breathing.


Message History

The goblin throws a stone.
The stone hits you but does no damage.
You see here 2 stones.
The goblin throws a stone.
The stone hits you but does no damage.
You see here a stone.
The goblin throws a stone.
The stone misses you.
You see here a stone.
The goblin throws a stone.
The stone closely misses you.
You see here 2 stones.
The goblin throws a stone.
The stone hits you but does no damage.
You see here a stone.
You closely miss the goblin. The goblin hits you but does no damage.
You closely miss the goblin. The goblin hits you but does no damage.
You closely miss the goblin. The goblin closely misses you.
You barely miss the goblin. The goblin barely misses you.
You riposte.
You barely miss the goblin. The goblin hits you with a +0 club.
You hit the goblin.
The goblin explodes!
The fiery explosion engulfs you!! The fire burns you terribly!
Ouch! That really hurt!
You die...

#####
#########....#
##............###
####
........>....[...
.... #............#
### #............#
#......§§§...#
#......§.§...#
#.....(§@§...#
#......(.#####
#......((# #######
#######(## #.....##
#.#########..#'#..#
#........... #.##..
#####.##.###
##.#### #........#
#...#
########.....#..#
#...#


There were no monsters in sight!

Vanquished Creatures
  A dart slug (D:1)
  2 leopard geckos (D:1)
  3 bats (D:1)
  2 giant cockroaches (D:1)
  2 goblins (D:1)
  5 hobgoblins (D:1)
  5 kobolds (D:1)
  3 rats (D:1)
23 creatures vanquished.

Notes
Turn   | Place    | Note
-------+----------+-------------------------------------------
     0 | D:1      | Buxparty the Mummy Gladiator began the quest for the Orb.
     0 | D:1      | Reached XP level 1. HP: 16/16 MP: 1/1
    65 | D:1      | Reached XP level 2. HP: 19/22 MP: 0/2
   584 | D:1      | Reached XP level 3. HP: 20/28 MP: 3/3
   911 | D:1      | Killed from afar by a goblin

Levels and vault maps discovered:
D:1:      evilmike_arrival_plus, layout_basic, hangedman_decor_riveting,
          minmay_tetromino_l4

Action                   || total
-------------------------++-------
Melee: Long sword        ||    67
  Use: Scroll            ||     3
Armor: Leather armour    ||    22
Dodge: Dodged            ||    55
       Rpst.: Long sword ||    10
